Map: 16-Bit LE

Players

HeRoMaRinE - Winner!

  • Race: Terran Terran
  • League: Master
  • Spawn Location: 1:00

PtitDrogo

  • Race: Protoss Protoss
  • Spawn Location: 7:00

Event: HomeStory Cup XVII

VOD

Have the link to the VOD?

Description

Time

  • Played on: June 29, 2018, 12:21 p.m.
  • Length: 12:12

All games in this series

Show
View Real Time Build Order
Export as new Build Order

HeRoMaRinE Terran - Winner!

Build Orders: Reaper Expand, MMM Bio 

Get SALT Encoding   

  12  0:00  SCV  
  13  0:12  SCV  
  14  0:17  Supply Depot  
  14  0:25  SCV  
  15  0:39  SCV  
  15  0:41  Barracks  
  16  0:45  Refinery  
  16  0:51  SCV  
  17  1:03  SCV  
  18  1:15  SCV  
  19  1:28  Orbital Command, Reaper  
  20  1:42  Command Center  
  20  1:53  Barracks  
  20  1:56  SCV  
  21  2:02  Barracks Reactor  
  21  2:08  SCV  
  22  2:13  Supply Depot  
  22  2:20  SCV  
  22  2:21  Factory  
  23  2:26  Refinery  
  23  2:35  SCV  
  24  2:37  Marine  
  24  2:38  Marine  
  24  2:40  Barracks Tech Lab  
  26  2:47  SCV  
  26  2:54  Orbital Command  
  26  2:59  SCV  
  26  3:00  Stimpack  
  26  3:05  Marine x2  
  27  3:06  Marine  
  27  3:11  SCV  
  31  3:20  SCV  
  31  3:23  SCV  
  31  3:25  Starport  
  33  3:28  Marine  
  33  3:29  Marine x2  
  33  3:33  Supply Depot  
  36  3:35  SCV x2  
  38  3:43  Engineering Bay  
  38  3:47  SCV x2  
  40  3:50  Marine x3  
  43  3:59  Factory Reactor, SCV x2  
  43  4:01  Medivac  
  47  4:05  Barracks  
  47  4:11  SCV  
  47  4:12  Terran Infantry Weapons Level 1, SCV  
  47  4:14  Marine  
  47  4:15  Marine  
  51  4:19  Supply Depot  
  51  4:21  Marine  
  51  4:23  Refinery  
  52  4:25  SCV  
  52  4:26  SCV  
  54  4:40  Marine x2, SCV x2  
  54  4:41  Marauder  
  54  4:44  Supply Depot x2  
  60  4:49  Medivac  
  62  4:53  Barracks Tech Lab  
  62  4:58  Missile Turret  
  62  5:00  Combat Shields  
  62  5:05  Marine x2, SCV  
  62  5:06  SCV  
  66  5:14  Marauder x2  
  70  5:17  Supply Depot  
  70  5:18  SCV x2  
  70  5:20  Medivac x2  
  76  5:23  Marine x2  
  78  5:31  Supply Depot  
  78  5:36  Concussive Shells  
  78  5:39  Marauder x2  
  84  5:43  Marine x2  
  84  5:47  Supply Depot  
  84  6:00  SCV  
  84  6:01  Marauder x2, Marine x2  
  91  6:08  Command Center  
  91  6:10  Supply Depot  
  91  6:16  SCV x2  
  93  6:22  Marine x2, Marauder x2  
  93  6:25  Barracks  
  99  6:26  Barracks  
  99  6:29  SCV x2  
  100  6:34  Factory Reactor  
  90  6:41  Terran Infantry Armor Level 1, SCV x2  
  90  6:43  Refinery, Marauder x2, Marine  
  90  6:44  Marine  
  90  6:46  Medivac  
  100  6:48  Medivac  
  100  6:54  SCV x2  
  104  7:06  SCV x2  
  104  7:08  Marauder x2  
  110  7:11  Starport  
  110  7:13  Barracks Tech Lab  
  110  7:15  Factory Reactor  
  110  7:20  SCV x2  
  110  7:21  Refinery  
  114  7:22  Refinery  
  114  7:30  Supply Depot  
  114  7:31  Supply Depot  
  114  7:32  Viking, SCV x2  
  114  7:34  Viking  
  118  7:40  Armory  
  118  7:41  Orbital Command  
  119  7:44  SCV  
  119  7:45  SCV  
  119  7:51  Ghost Academy  
  120  7:56  SCV  
  120  7:57  SCV  
  122  7:58  Viking x2  
  126  8:07  Viking x2  
  126  8:08  SCV  
  126  8:09  SCV  
  126  8:11  SCV  
  132  8:17  Supply Depot x2  
  132  8:20  SCV  
  132  8:21  SCV  
  135  8:28  Ghost, Terran Ship Weapons Level 1  
  135  8:31  Ghost  
  135  8:33  Marine x2  
  135  8:34  Marine  
  140  8:35  Terran Infantry Weapons Level 2  
  140  8:38  Ghost, Marine  
  144  8:44  Command Center  
  144  8:48  Missile Turret  
  144  8:49  SCV  
  144  8:50  SCV x2  
  144  8:52  Missile Turret  
  144  8:54  Supply Depot  
  147  8:58  Viking x2  
  151  9:04  Viking  
  151  9:05  Viking  
  155  9:11  Ghost  
  155  9:15  Ghost  
  159  9:18  Supply Depot  
  159  9:19  Ghost  
  163  9:28  Barracks x2  
  163  9:30  Barracks Tech Lab  
  161  9:34  Barracks Tech Lab, Barracks  
  161  9:38  Viking x2  
  163  9:40  Ghost  
  163  9:45  Marauder  
  169  9:47  Viking  
  169  9:50  Viking  
  173  9:58  Marauder x2  
  173  9:59  Marauder  
  179  10:00  Supply Depot  
  179  10:06  Marauder  
  181  10:09  Marauder  
  182  10:20  Marauder  
  184  10:22  Planetary Fortress  
  184  10:27  Refinery, Supply Depot  
  184  10:28  Refinery  
  184  10:30  Ghost x2  
  187  10:37  Marauder x2  
  187  10:41  Marauder  
  187  10:46  Liberator x2  
  161  10:52  Marine x4  
  146  10:59  Marauder x4  
  146  11:03  Marauder  
  150  11:05  Barracks Reactor  
  150  11:10  Refinery, Marine x3  
  153  11:14  Viking x2  
  157  11:19  Marine  
  157  11:20  Marauder x2  
  157  11:21  Marauder x2  
  157  11:24  Marauder  
  164  11:27  Marine x2  
  164  11:30  Marine  
  152  11:37  Marine  
  152  11:41  Marauder x2  
  152  11:42  Marine x2, Marauder x2  
  152  11:45  Marine x2, Marauder  
  162  11:52  Marine  
Show
View Real Time Build Order
Export as new Build Order

PtitDrogo Protoss 

Build Orders: 1 Gate Expand, Colossus Rush 

Get SALT Encoding   

  12  0:00  Probe  
  13  0:12  Probe  
  14  0:18  Pylon  
  14  0:24  Probe  
  15  0:32  Probe  
  15  0:38  Gateway  
  15  0:40  Probe  
  17  0:51  Probe  
  17  0:52  Assimilator  
  18  1:03  Probe  
  19  1:15  Probe  
  20  1:27  Nexus  
  20  1:34  Cybernetics Core  
  20  1:38  Probe  
  21  1:42  Assimilator  
  21  1:50  Probe  
  21  1:52  Pylon  
  18  2:01  Stalker  
  22  2:02  Probe  
  23  2:11  Warp Gate  
  23  2:14  Probe  
  26  2:26  Robotics Facility  
  25  2:38  Stalker  
  25  2:39  Probe  
  25  2:41  Probe  
  29  2:48  Probe  
  29  2:50  Probe  
  29  2:58  Probe x2  
  33  3:06  Observer  
  33  3:10  Probe x2  
  35  3:19  Gateway x2  
  36  3:22  Probe  
  36  3:24  Probe  
  36  3:25  Observer  
  38  3:28  Stalker  
  42  3:34  Probe  
  42  3:35  Probe  
  42  3:37  Pylon  
  43  3:43  Probe  
  43  3:46  Probe  
  43  3:48  Observer  
  46  3:52  Assimilator, Probe  
  46  3:53  Assimilator  
  47  3:59  Probe  
  47  4:02  Pylon  
  48  4:04  Probe  
  48  4:08  Warp Prism  
  51  4:16  Stalker  
  53  4:18  Probe  
  53  4:20  Probe  
  55  4:30  Probe, Observer  
  56  4:31  Robotics Bay  
  56  4:35  Pylon  
  56  4:44  Nexus  
  56  4:49  Probe x2  
  58  4:58  Sentry x3  
  64  5:00  Pylon  
  64  5:05  Pylon  
  64  5:08  Probe x2  
  66  5:14  Colossus  
  66  5:15  Shield Battery  
  66  5:17  Pylon  
  66  5:20  Probe x2  
  74  5:32  Adept x2  
  78  5:36  Adept  
  78  5:37  Probe x2  
  82  5:44  Twilight Council  
  82  5:49  Forge, Observer  
  83  5:50  Probe  
  83  5:51  Colossus  
  83  5:58  Probe  
  83  6:00  Stalker x2  
  83  6:03  Observer  
  88  6:09  Probe  
  95  6:11  Probe  
  95  6:15  Probe  
  95  6:18  Shield Battery, Pylon  
  97  6:19  Blink, Sentry  
  97  6:22  Extended Thermal Lance  
  97  6:24  Probe, Protoss Ground Weapons Level 1  
  100  6:36  Stalker x2  
  102  6:40  Probe  
  102  6:41  Gateway x2  
  102  6:43  Probe x2, Observer  
  105  6:52  Probe  
  106  6:55  Probe x2  
  106  6:56  Pylon  
  106  7:00  Gateway  
  108  7:04  Assimilator  
  108  7:06  Assimilator  
  108  7:07  Photon Cannon  
  109  7:11  Pylon  
  109  7:14  Colossus  
  114  7:18  Probe x2  
  114  7:21  Pylon  
  116  7:25  Shield Battery  
  116  7:26  Probe  
  117  7:30  Forge, Probe x2  
  119  7:38  Templar Archives  
  119  7:41  Zealot x3  
  119  7:42  Zealot  
  127  7:54  Protoss Ground Armor Level 1  
  127  7:56  Nexus  
  127  7:58  Pylon  
  127  8:00  Colossus, Protoss Ground Weapons Level 2  
  127  8:09  Probe x2  
  127  8:11  Gateway  
  134  8:13  Gateway  
  134  8:16  Pylon  
  134  8:29  Probe x3  
  137  8:38  Observer  
  137  8:41  Probe x2  
  137  8:43  High Templar x3, Shield Battery x2  
  137  8:44  High Templar  
  137  8:45  Pylon  
  147  8:48  Charge  
  147  8:49  Gateway  
  147  8:50  Archon x2  
  147  8:51  Gateway  
  147  8:52  Probe  
  147  8:53  Probe  
  147  8:54  Pylon  
  149  9:01  Immortal  
  153  9:03  Probe  
  153  9:05  Probe x2  
  153  9:07  Assimilator  
  156  9:11  Assimilator  
  156  9:16  Shield Battery  
  154  9:19  High Templar x3  
  154  9:20  High Templar, Zealot x2  
  154  9:21  Zealot  
  168  9:24  Archon  
  168  9:25  Archon  
  168  9:27  Stalker  
  170  9:34  Protoss Ground Armor Level 2  
  170  9:35  Shield Battery  
  170  9:36  Pylon  
  170  9:42  Immortal  
  174  9:48  Stalker x4  
  174  9:50  Photon Cannon  
  174  9:51  Stalker  
  184  10:01  Stalker  
  184  10:05  Photon Cannon  
  186  10:07  Pylon  
  186  10:09  Stalker  
  188  10:14  Stalker x4  
  194  10:28  Stalker x3  
  200  10:39  Pylon  
  190  10:46  Stalker x4, Zealot  
  190  10:47  Zealot x2  
  128  11:01  Immortal  
  96  11:07  High Templar x5  
  96  11:09  High Templar, Zealot x4  
  118  11:12  Archon  
  118  11:13  Archon x2  
  118  11:15  Nexus  
  118  11:17  Nexus  
  112  11:20  Pylon  
  104  11:30  Stalker  
  104  11:31  Stalker x3  
  100  11:39  Stalker x3  
  96  11:40  Stalker x2  
  96  11:46  Stalker x2  
  95  11:53  Zealot x2  
  95  11:54  Zealot x3  
  96  12:04  Stalker x3  
Tags
 
Add a new tag
Caveats
  • Supply blocks, unpowered buildings, or Contaminate may cause inaccurate times.
  • Supply counts are checked every 10 seconds.